Map: White Rabbit LE

Players

GABE - Winner!

  • Race: Terran Terran
  • League: Grandmaster
  • Spawn Location: 7:00

Nicoract

  • Race: Terran Terran
  • League: Grandmaster
  • Spawn Location: 1:00

VOD

Have the link to the VOD?

Description

Time

  • Played on: May 17, 2026, 3:11 p.m.
  • Length: 10:04
Show
View Real Time Build Order
Export as new Build Order

GABE Terran - Winner!

Build Orders:  

Get SALT Encoding   

  12  0:00  SCV  
  13  0:12  SCV  
  14  0:16  Supply Depot  
  14  0:24  SCV  
  15  0:38  SCV  
  15  0:39  Barracks  
  16  0:43  Refinery  
  16  0:50  SCV  
  16  0:52  Refinery  
  17  1:02  SCV  
  18  1:14  SCV  
  19  1:26  Orbital Command, Reaper  
  19  1:31  Supply Depot  
  20  1:42  Factory  
  20  1:52  SCV  
  21  1:58  Barracks Reactor  
  21  2:04  SCV  
  22  2:16  Command Center  
  22  2:19  SCV  
  23  2:26  Hellion  
  25  2:31  SCV  
  25  2:34  Reaper x2  
  28  2:38  Supply Depot  
  28  2:44  SCV  
  29  2:47  Hellion  
  31  2:59  Starport  
  31  3:00  SCV  
  32  3:07  Marine  
  32  3:08  Marine  
  32  3:09  Factory Tech Lab  
  32  3:12  SCV  
  35  3:24  SCV  
  36  3:27  Cyclone  
  36  3:29  Refinery  
  36  3:31  Orbital Command  
  39  3:36  SCV, Starport Tech Lab  
  39  3:38  Marine  
  39  3:40  Marine  
  42  3:48  SCV  
  43  3:54  Raven  
  45  3:57  SCV  
  45  4:00  SCV  
  45  4:02  Siege Tank  
  50  4:09  SCV  
  53  4:12  SCV  
  53  4:16  Interference Matrix  
  53  4:17  Supply Depot  
  53  4:21  SCV  
  53  4:24  SCV  
  53  4:30  Command Center  
  54  4:34  Supply Depot  
  54  4:39  SCV x2, Raven, Marine  
  54  4:41  Marine  
  60  4:51  SCV, Supply Depot  
  61  4:53  SCV  
  61  4:56  Siege Tank  
  61  4:59  Marine x2  
  67  5:03  SCV  
  67  5:05  SCV  
  69  5:08  Refinery  
  69  5:16  SCV  
  69  5:17  SCV  
  71  5:27  Stimpack  
  71  5:28  SCV, Viking x2  
  76  5:29  SCV  
  77  5:36  Barracks  
  77  5:37  Barracks  
  77  5:40  SCV  
  77  5:42  SCV, Siege Tank  
  82  5:43  Engineering Bay  
  82  5:45  Engineering Bay, Orbital Command  
  79  5:53  SCV  
  79  5:54  Marine, SCV  
  80  6:00  Viking x2  
  84  6:05  SCV  
  84  6:06  SCV, Orbital Command  
  84  6:07  Supply Depot  
  86  6:11  Marine  
  86  6:15  Terran Infantry Armor Level 1, Terran Infantry Weapons Level 1  
  86  6:17  SCV  
  89  6:18  SCV  
  89  6:19  Siege Tank  
  92  6:29  SCV  
  92  6:30  SCV  
  92  6:31  Supply Depot  
  92  6:32  SCV  
  95  6:37  Barracks, Viking  
  95  6:38  Barracks  
  97  6:40  Viking  
  97  6:41  SCV  
  97  6:42  Barracks Reactor x2, SCV  
  97  6:46  SCV  
  101  6:52  Marine  
  101  6:53  Siege Tank, Supply Depot, SCV  
  105  6:54  Missile Turret  
  105  6:56  SCV  
  105  6:58  SCV  
  105  6:59  Missile Turret  
  107  7:06  SCV  
  107  7:07  Sensor Tower  
  108  7:08  SCV  
  108  7:14  Supply Depot x2, Marine  
  114  7:17  Medivac x2  
  114  7:18  Marine  
  114  7:19  Marine x2  
  114  7:20  SCV x2  
  114  7:22  SCV  
  120  7:26  Barracks Reactor x2  
  120  7:27  Marine  
  121  7:31  Marine  
  121  7:32  SCV x2  
  121  7:34  SCV  
  122  7:37  Marine  
  122  7:38  Marine x2  
  117  7:44  SCV x2, Marine  
  117  7:46  SCV  
  117  7:49  Siege Tank, Marine  
  117  7:51  Medivac  
  121  7:55  Refinery x2, Marine  
  121  7:56  Combat Shield  
  123  8:00  Marine x2  
  123  8:02  Marine  
  123  8:03  Marine x2  
  123  8:04  Marine x2  
  127  8:07  Marine  
  127  8:09  Armory  
  127  8:10  Supply Depot x2  
  128  8:13  Marine  
  128  8:16  Sensor Tower  
  128  8:18  Marine x2  
  131  8:20  Marine x2  
  131  8:21  Marine  
  131  8:22  Marine x2  
  131  8:25  Marine  
  137  8:27  Siege Tank  
  137  8:29  Supply Depot  
  137  8:31  Marine  
  141  8:36  Factory, Marine x2  
  141  8:37  Viking x2  
  141  8:38  Marine x2  
  149  8:43  SCV x2  
  149  8:44  SCV  
  149  8:47  Marine  
  149  8:48  Marine x3  
  156  8:49  Marine  
  156  8:52  Supply Depot  
  156  8:54  Marine x2  
  159  8:56  Marine  
  157  9:10  Siege Tank, Command Center  
  157  9:11  Marine x4  
  157  9:13  Marine x2  
  157  9:14  Marine  
  157  9:15  Marine  
  165  9:25  Medivac x2  
  165  9:29  Marine x4  
  165  9:30  Barracks Reactor, Marine  
  174  9:36  Marine  
  178  9:41  Marine x2  
  181  9:55  Supply Depot  
  181  9:57  Supply Depot  
  181  9:58  Supply Depot  
Show
View Real Time Build Order
Export as new Build Order

Nicoract Terran 

Build Orders:  

Get SALT Encoding   

  12  0:00  SCV  
  13  0:12  SCV  
  14  0:17  Supply Depot  
  14  0:24  SCV  
  15  0:38  SCV  
  15  0:39  Barracks  
  15  0:42  Refinery  
  16  0:50  SCV  
  16  0:53  Refinery  
  17  1:03  SCV  
  18  1:15  SCV  
  19  1:26  Reaper  
  19  1:27  Orbital Command, Supply Depot  
  20  1:42  Factory  
  20  1:53  SCV  
  21  1:59  Reaper  
  22  2:05  SCV  
  23  2:17  SCV  
  23  2:21  Command Center  
  24  2:26  Hellion  
  24  2:29  SCV  
  27  2:31  Reaper  
  27  2:35  Supply Depot  
  28  2:41  SCV  
  29  2:48  Hellion  
  31  2:53  Starport  
  31  2:57  SCV  
  32  3:04  Barracks Reactor  
  32  3:09  Factory Tech Lab, SCV  
  32  3:11  Refinery  
  33  3:21  SCV  
  34  3:27  Cyclone  
  34  3:29  Starport Tech Lab  
  34  3:33  Orbital Command, SCV  
  38  3:40  Marine x2  
  40  3:45  SCV  
  41  3:49  Raven  
  43  3:58  Supply Depot, SCV x2  
  45  4:04  Interference Matrix  
  45  4:10  SCV x2  
  47  4:17  Command Center  
  47  4:25  SCV x2  
  47  4:26  Raven  
  51  4:32  Supply Depot  
  51  4:37  SCV x2  
  53  4:40  Barracks  
  53  4:42  Factory Reactor  
  53  4:44  Barracks  
  53  4:45  Stimpack  
  53  4:49  SCV x2  
  55  5:01  SCV x2  
  55  5:02  Supply Depot  
  57  5:07  Engineering Bay  
  57  5:08  Engineering Bay  
  57  5:11  Marine, Starport Reactor  
  57  5:13  SCV x2  
  60  5:18  Refinery  
  60  5:24  Supply Depot  
  60  5:25  SCV x2  
  62  5:32  Marine x3  
  62  5:33  Orbital Command  
  65  5:36  Marine x2  
  65  5:37  Terran Infantry Weapons Level 1  
  65  5:38  Terran Infantry Armor Level 1  
  65  5:42  SCV x2  
  67  5:52  Marine x3  
  67  5:55  Orbital Command  
  67  5:56  Marine x2  
  72  5:58  Siege Tank  
  72  6:01  Medivac x2  
  79  6:07  SCV x2  
  79  6:09  Marine x2  
  79  6:10  Marine  
  84  6:14  Marine x2  
  84  6:15  Supply Depot  
  86  6:19  SCV x2  
  86  6:24  Combat Shield  
  88  6:26  Barracks  
  88  6:27  SCV, Barracks  
  88  6:31  SCV x2  
  91  6:33  Sensor Tower  
  91  6:35  Medivac x2  
  95  6:40  Marine x3  
  95  6:41  Marine  
  95  6:42  Marine  
  100  6:50  SCV x3  
  103  6:54  Armory, Supply Depot  
  103  7:02  SCV x3  
  103  7:03  Refinery  
  103  7:04  Supply Depot  
  103  7:05  Supply Depot  
  103  7:07  Refinery  
  106  7:10  Medivac  
  106  7:14  Barracks Reactor x2  
  108  7:16  Medivac, SCV x3  
  108  7:18  Marine x3  
  108  7:20  Marine  
  108  7:21  Marine  
  117  7:29  Siege Tank  
  116  7:33  SCV x2  
  116  7:36  Marine x3  
  114  7:38  Marine  
  114  7:39  SCV  
  114  7:40  Medivac  
  105  7:45  SCV  
  105  7:46  Medivac  
  105  7:50  Marine  
  97  7:52  SCV x2  
  97  7:54  Marine x3  
  97  7:56  Marine x3  
  104  8:00  Factory  
  104  8:03  Barracks Reactor, Marine  
  104  8:05  Siege Tank  
  108  8:08  Marine  
  108  8:11  Marine  
  110  8:16  Marine x3  
  110  8:17  Command Center  
  110  8:19  Marine x2  
  115  8:25  Marine  
  115  8:26  Marine  
  117  8:29  Marine  
  117  8:32  Supply Depot  
  117  8:33  Medivac x2  
  117  8:34  Supply Depot  
  122  8:36  Marine x3  
  122  8:38  Siege Tank  
  128  8:44  Supply Depot  
  128  8:45  Supply Depot  
  127  8:49  Marine  
  127  8:50  Marine x5  
  127  8:54  Marine  
  134  8:57  Marine x3  
  136  9:07  Marine x2  
  136  9:08  Marine x4  
  136  9:09  Factory Tech Lab  
  140  9:10  SCV  
  140  9:11  SCV x2  
  140  9:15  Siege Tank  
  146  9:19  Marine x2  
  146  9:20  Marine x2  
  150  9:25  Marine  
  150  9:30  Marine x5  
  156  9:37  Marine x2  
  156  9:38  Starport Reactor  
  152  9:44  Marine  
  152  9:45  Marine x2  
Tags
 
Add a new tag
Caveats
  • Supply blocks, unpowered buildings, or Contaminate may cause inaccurate times.
  • Supply counts are checked every 10 seconds.